 Dungeon Crawl Stone Soup version 0.25-a0-591-g2ad0d86 (webtiles) character file.

Game seed: 1809260714782248344, levelgen mode: deterministic

32 Scootsishere the Magician (level 3, -1/27 HPs)
             Began as a Draconian Wizard on Mar 13, 2020.
             Slain by Sigmund
             ... wielding a +0 scythe
              (10 damage)
             ... on level 2 of the Dungeon.
             The game lasted 00:08:07 (1787 turns).

Scootsishere the Magician (Draconian Wizard)        Turns: 1787, Time: 00:08:07

Health: -1/27      AC:  8    Str:  9    XL:     3   Next: 10%
Magic:  1/8        EV: 12    Int: 19    God:
Gold:   84         SH:  0    Dex:  9    Spells: 2/9 levels left

rFire    . . .     SeeInvis .   h - +0 dagger
rCold    . . .     Gourm    .   (no shield)
rNeg     . . .     Faith    .   (armour unavailable)
rPois    .         Spirit   .   a - +0 hat
rElec    .         Reflect  .   d - +2 cloak
rCorr    .         Harm     .   (no gloves)
MR       .....                  (no boots)
Stlth    ++........             (no amulet)
HPRegen  0.09/turn              (no ring)
MPRegen  0.11/turn              (no ring)

@: no status effects
A: unfitting armour, cold-blooded, AC +5
a: no special abilities


You were on level 2 of the Dungeon.
You were hungry.

You visited 1 branch of the dungeon, and saw 2 of its levels.

You collected 84 gold pieces.

Inventory:

Hand Weapons
 h - a +0 dagger (weapon)
 l - a +0 rapier
Armour
 a - a +0 hat (worn)
 d - a +2 cloak (worn)
Scrolls
 b - 2 scrolls of remove curse
 j - a scroll of enchant armour
Comestibles
 c - 4 rations


   Skills:
 + Level 0.3 Fighting
 + Level 0.4 Short Blades
 + Level 2.0 Dodging
 + Level 1.9 Stealth
 + Level 3.5 Spellcasting
 + Level 1.0 Conjurations
 + Level 1.5 Summonings
 + Level 1.0 Translocations


You had 2 spell levels left.
You knew the following spells:

 Your Spells              Type           Power        Failure   Level  Hunger
a - Magic Dart            Conj           #...         10%         1    None
b - Blink                 Tloc           N/A          14%         2    ##.....
c - Call Imp              Summ           #.......     12%         2    ##.....
d - Slow                  Hex            #.......     22%         2    ##.....

Your spell library contained the following spells:

 Spells                   Type           Power        Failure   Level  Hunger
 Conjure Flame            Conj/Fire      #.......     34%         3    ###....
 Mephitic Cloud           Conj/Pois/Air  #.......     36%         3    ###....


Dungeon Overview and Level Annotations

Branches:
Dungeon (2/15)

Altars:

Annotations:
D:2 Sigmund


Innate Abilities, Weirdness & Mutations

Your plain brown scales are hard. (AC +5)
You cannot fit into any form of body armour.
You are cold-blooded and may be slowed by cold attacks.


Message History

Something hits you but does no damage.
You hit something.
Your tail-slap misses something.
You barely miss something. Something barely misses you.
You barely miss something.
Casting: Magic Dart (safe; 10% risk of failure)
Confirm with . or Enter, or press ? or * to list all spells.
You miscast Call Imp.
You are very lightly contaminated with residual magic.
The world appears momentarily distorted.
Something hits you.
You miss something. You miss something.
Your tail-slap misses something.
Something hits you!
You miss something.
Your tail-slap misses something.
It was a potion of cancellation.
Your magical effects are unravelling.
You feel magically purged.
Your magical contamination has completely faded away.
You feel yourself slow down.
You hit something. Something hits you!
You die...

#.##.# #...#
#.##.#####.#.#
#......
#.##.....#.###
#......
###.######.#....
#...... #...####
#.##### #......
###....# #.# <......
#.##.###.#
.....>.########.#...#
........@.......#.###
# ...#+#{#########.#
# ........(5..# #.# #
.##.........# #.# #
#.........# #.#######
+.........# #....(...
#.........# #.#######
#.........# ### #
...........# #


There were no monsters in sight!

Vanquished Creatures
  2 bats (D:1)
  A goblin (D:1)
  2 hobgoblins (D:1)
  A frilled lizard (D:1)
  4 kobolds
  3 rats (D:1)
13 creatures vanquished.

Vanquished Creatures (collateral kills)
  An adder (D:2)
  A worm (D:2)
  2 dart slugs (D:1)
  A bat (D:1)
  2 goblins (D:1)
  A hobgoblin (D:1)
  A frilled lizard (D:2)
  2 kobolds (D:1)
  2 rats (D:2)
13 creatures vanquished.

Grand Total: 26 creatures vanquished

Notes
Turn   | Place    | Note
-------+----------+-------------------------------------------
     0 | D:1      | Scootsishere the Draconian Wizard began the quest for the
                  | Orb.
     0 | D:1      | Reached XP level 1. HP: 14/14 MP: 4/4
   328 | D:1      | Reached XP level 2. HP: 13/20 MP: 0/6
   354 | D:1      | Learned a level 2 spell: Blink
   357 | D:1      | Learned a level 2 spell: Call Imp
   360 | D:1      | Learned a level 2 spell: Slow
  1389 | D:2      | Reached XP level 3. HP: 7/27 MP: 0/8
  1787 | D:2      | Slain by Sigmund

Levels and vault maps discovered:
D:1:      psy_arrival_conway, layout_basic, hangedman_feature_mirror
D:2:      layout_basic, uniq_sigmund

Skill      XL: |  1  2 |
---------------+-------+-----
Dodging        | 2 |  2.0
Fighting       | |  0.3
Short Blades   | |  0.4
Stealth        | |  1.9
Spellcasting   | |  3.5
Conjurations   | |  1.0
Summonings     | |  1.5
Translocations | |  1.0

Action                   || total
-------------------------++-------
Melee: Dagger            ||    53
       Tailslap          ||     4
 Cast: Magic Dart        ||    26
       Call Imp          ||    19
       Slow              ||     1
  Use: Potion            ||     6
       Scroll            ||     4
 Stab: Invisible         ||     1
  Eat: Chunk             ||     3
Armor: Skin              ||    33
Dodge: Dodged            ||    54

Table legend:
 A = Non-vault XP
 B = Vault XP
 C = Vault XP percentage of total XP
 D = Non-vault monster count
 E = Vault monster count
 F = Vault count percentage of total count
                 A         B        C        D         E       F
            +---------+---------+-------+---------+---------+-------
      Total |      44 |       3 |   6.4 |      24 |       2 |   7.7
            +---------+---------+-------+---------+---------+-------
        D:1 |      27 |       3 |  10.0 |      18 |       2 |  10.0
        D:2 |      17 |       0 |   0.0 |       6 |       0 |   0.0
            +---------+---------+-------+---------+---------+-------
